 Dungeon Crawl Stone Soup version 0.22-a0-482-g76e0a5f (webtiles) character file.

137 KillYourself the Chopper (level 5, -1/49 HPs)
             Began as a Naga Fighter on June 17, 2018.
             Was an Initiate of Ru.
             Slain by a river rat (3 damage)
             ... summoned by namelastname112's ghost
             ... on level 3 of the Dungeon.
             The game lasted 00:07:56 (2606 turns).

KillYourself the Chopper (Naga Fighter)             Turns: 2606, Time: 00:07:57

Health: -1/49      AC:  5    Str: 19    XL:     5   Next: 20%
Magic:  5/5        EV:  5    Int:  9    God:    Ru [......]
Gold:   178        SH:  8    Dex: 10    Spells: 4/4 levels left

rFire    . . .     SeeInvis +   a - +0 war axe
rCold    . . .     Gourm    .   c - +0 shield
rNeg     . . .     Faith    .   b - +0 scale mail
rPois    +         Spirit   .   (no helmet)
rElec    .         Reflect  .   (no cloak)
rCorr    .         Harm     .   (no gloves)
MR       .....                  (no barding)
Stlth    ..........             (no amulet)
HPRegen  0.16/turn              (no ring)
MPRegen  0.09/turn              (no ring)

@: drained, very slow
A: large, see invisible, deformed body, poison resistance, slowness 2, slow
metabolism 1, spit poison 1, AC +1
a: Spit Poison, Renounce Religion


You were on level 3 of the Dungeon.
You worshipped Ru.
Ru was noncommittal.
You were hungry.

You visited 1 branch of the dungeon, and saw 3 of its levels.

You collected 178 gold pieces.

Inventory:

Hand Weapons
 a - a +0 war axe (weapon)
Armour
 b - a +0 scale mail (worn)
 c - a +0 shield (worn)
Jewellery
 k - an uncursed ring of flight {unknown}
 o - an uncursed amulet of regeneration {unknown}
Scrolls
 h - 2 scrolls of teleportation {unknown}
 i - a scroll of enchant weapon
 j - a scroll of amnesia
 n - a scroll of blinking {unknown}
 q - a scroll of random uselessness {unknown}
Potions
 d - a potion of might
 e - 2 potions of lignification
 g - a potion of ambrosia
 m - a potion of flight
 p - 3 potions of curing
Comestibles
 f - 5 rations


   Skills:
 + Level 3.4(3.0) Fighting
 * Level 4.0(3.6) Axes
 + Level 3.2(2.8) Armour
 - Level 2.5(2.1) Shields


You had 4 spell levels left.
You didn't know any spells.
Your spell library was empty.

Dungeon Overview and Level Annotations

Branches:
Dungeon (3/15)

Altars:
Kikubaaqudgha
Ru
Uskayaw

Annotations:
D:3 namelastname112's ghost, weakling DgSu


Innate Abilities, Weirdness & Mutations

You cannot wear boots.
Your serpentine skin is tough. (AC +1)
You have supernaturally acute eyesight. (SInv)
Armour fits poorly on your strangely shaped body.
Your system is resistant to poisons. (rPois)
You cover ground very slowly.
You have a slow metabolism.
You can spit poison.


Message History

* * * LOW HITPOINT WARNING * * *
Namelastname112's ghost gestures wildly while chanting.
The shadow imp sputters.
You block the shadow imp's attack. You block the jackal's attack.
You slash the jackal!
You kill the jackal!
You hit the shadow imp. The shadow imp barely misses you.
The jackal barely misses you.
Namelastname112's ghost points and yells, "Attack!"
The shadow imp barely misses you.
You barely miss the jackal. You slash the shadow imp!
You kill the shadow imp!
The bat hits you but does no damage.
The jackal bites you but does no damage.
The jackal bites you.
* * * LOW HITPOINT WARNING * * *
You hit the jackal.
The jackal is heavily wounded.
You hit the river rat. You block the jackal's attack. The river rat bites you.
You die...

####### #...... #.##### ########
#.# #(.....# #.# ####### #......#
#.#####
......############......###.#....
......r....W..br@h......'...+....
(..#.#######.r5###......###.#...)
##.#.# #...# #......###.#...(
##.#.# #...# #......#...#....
##.#.# #...# ###........#....
##.#.# #...#####)8.8.8..#....
##.#W#######...##...........†....
##.r5......+...''................
###...######..............#.##.##


You could see namelastname112's ghost, a river rat, a shadow imp, a jackal, a
bat and a rat.

Vanquished Creatures
  A hound (D:2)
  Terence (D:3)
  2 adders (D:3)
  3 worms (D:2)
  A dart slug (D:1)
  A leopard gecko (D:3)
  4 giant cockroaches
  11 goblins
  4 hobgoblins
  3 jackals
  6 kobolds
  A quokka (D:3)
  A ball python (D:1)
  8 bats
  3 frilled lizards
  3 rats
53 creatures vanquished.

Vanquished Creatures (others)
  A fungus (D:2)
1 creature vanquished.

Grand Total: 54 creatures vanquished

Notes
Turn   | Place    | Note
-------+----------+-------------------------------------------
     0 | D:1      | KillYourself the Naga Fighter began the quest for the Orb.
     0 | D:1      | Reached XP level 1. HP: 21/21 MP: 1/1
   292 | D:1      | Reached XP level 2. HP: 18/28 MP: 2/2
  1186 | D:2      | Reached XP level 3. HP: 34/34 MP: 3/3
  1260 | D:2      | Found a sacrificial altar of Ru.
  1381 | D:2      | Became a worshipper of Ru the Awakened
  1521 | D:2      | Reached skill level 3 in Axes
  1521 | D:2      | Reached XP level 4. HP: 31/42 MP: 4/4
  1706 | D:2      | Found an ancient bone altar of Kikubaaqudgha.
  2284 | D:3      | Found a hide-covered altar of Uskayaw.
  2284 | D:3      | Noticed Terence
  2291 | D:3      | Killed Terence
  2291 | D:3      | Reached skill level 4 in Axes
  2291 | D:3      | Reached XP level 5. HP: 35/49 MP: 5/5
  2540 | D:3      | Noticed namelastname112's ghost (weakling DgSu)
  2566 | D:3      | HP: 1/49 [shadow imp/nerve-wracking pain[namelastname112's ghost] (4)]
  2599 | D:3      | HP: 2/49 [jackal (3)]
  2605 | D:3      | HP: 1/49 [jackal (1)]
  2606 | D:3      | Slain by a river rat

Vault maps used:
D:1:      dpeg_arrival_solitude, serial_forest, infiniplex_forest_clump_curved,
          infiniplex_forest_clump_small, infiniplex_forest_zigzag_1,
          infiniplex_forest_end_1, infiniplex_forest_lined_3_way,
          infiniplex_forest_diagonal
D:2:      kiku_gazebo_garden_becter, old_standard_altar,
          minmay_gold_behind_fungi, minmay_close_crescents
D:3:      eat_drink_and_be_merry_uskayaw, uniq_terence

Skill      XL: |  1  2  3  4 |
---------------+-------------+-----
Axes           | 3 4 |  4.0
Armour         | 3 |  3.2
Fighting       | |  3.4
Shields        | |  2.5

Action                   |  1- 3 |  4- 6 || total
-------------------------+-------+-------++-------
Melee: War axe           |    83 |   121 ||   204
 Abil: Spit Poison       |       |     1 ||     1
  Use: Potion            |     3 |     2 ||     5
       Scroll            |     2 |       ||     2
  Eat: Chunk             |     1 |     3 ||     4
Armor: Scale mail        |    57 |    81 ||   138
Dodge: Dodged            |    27 |    36 ||    63
Block: Shield            |    45 |    86 ||   131

Table legend:
 A = Spawn XP
 B = Non-spawn XP
 C = Spawn XP percentage of total XP
 D = Spawn monster count
 E = Non-spawn monster count
 F = Spawn count percentage of total count
 G = Total turns spent on level
                    A         B        C        D         E        F      G
               +---------+---------+-------+---------+---------+-------+---------
         Total |       0 |     196 |   0.0 |       0 |      53 |   0.0 |  2606
               +---------+---------+-------+---------+---------+-------+---------
           D:1 |       0 |      29 |   0.0 |       0 |      16 |   0.0 |  1148
           D:2 |       0 |      89 |   0.0 |       0 |      23 |   0.0 |   937
           D:3 |       0 |      78 |   0.0 |       0 |      14 |   0.0 |   521
               +---------+---------+-------+---------+---------+-------+---------
